 Dungeon Crawl Stone Soup version 0.19.5 (webtiles) character file.

252 ozymandias0 the Shield-Bearer (level 6, 0/48 HPs)
             Began as a Formicid Fighter on Apr 27, 2017.
             Slain by an orc
             ... wielding a +0 hand axe
              (3 damage)
             ... on level 4 of the Dungeon.
             The game lasted 00:09:37 (1869 turns).

ozymandias0 the Shield-Bearer (Formicid Fighter)    Turns: 1869, Time: 00:09:38

Health: 0/48       AC: 10    Str: 23    XL:     6   Next: 36%
Magic:  6/6        EV:  9    Int:  7    God:
Gold:   119        SH: 10    Dex: 10    Spells: 0 memorised, 5 levels left

rFire  + . .     SeeInvis +     a - +0 long sword
rCold  x . .     Gourm    .     b - +0 scale mail
rNeg   . . .     Faith    .     c - +0 shield
rPois  .         Spirit   .     (helmet unavailable)
rElec  .         Reflect  .     h - +0 cloak
rCorr  .         Harm     .     (no gloves)
MR     .....                    r - +1 pair of boots
Stlth  ..........               (no amulet)
                                (no ring)
                                i - ring of fire

@: no status effects
A: permanent stasis, dig shafts and tunnels, four strong arms, antennae 3
a: Dig, Shaft Self


You were on level 4 of the Dungeon.
You were not hungry.

You visited 1 branch of the dungeon, and saw 4 of its levels.

You collected 119 gold pieces.

Inventory:

Hand Weapons
 a - a +0 long sword (weapon)
Armour
 b - a +0 scale mail (worn)
 c - a +0 shield (worn)
 h - a +0 cloak (worn)
 r - a +1 pair of boots (worn)
Jewellery
 i - a ring of fire (left hand)
Scrolls
 e - a scroll of noise
 j - 2 scrolls of recharging
Potions
 d - a potion of might
 o - a potion of ambrosia {unknown}
 p - a potion of resistance {unknown}
 q - a potion of degeneration {unknown}
 s - a potion of curing
 t - a potion of brilliance {unknown}
Comestibles
 f - a bread ration
 m - a beef jerky


   Skills:
 + Level 4.1 Fighting
 + Level 3.7 Long Blades
 + Level 4.2 Armour
 + Level 1.1 Dodging
 + Level 0.3 Stealth
 + Level 5.2 Shields


You had 5 spell levels left.
You didn't know any spells.

Dungeon Overview and Level Annotations

Branches:
Dungeon (4/15)
 Temple: D:4-7

Altars:
Gozag
Vehumet
Xom


Innate Abilities, Weirdness & Mutations

You are under a permanent stasis effect.
You can dig through walls and to a lower floor.
Your four strong arms can wield two-handed weapons with a shield.
You have a pair of large antennae on your head. (SInv)


Message History

The orc priest is severely wounded.
The orc priest invokes the aid of Beogh against you.
Pain shoots through your body!
The bullfrog skeleton barely misses you.
The orc hits you but does no damage. The orc hits you with a hand axe.
The orc priest barely misses you. The bullfrog skeleton misses you.
You closely miss the orc priest.
The orc priest is severely wounded.
You block the orc's attack. The orc hits you with a hand axe.
* * * LOW HITPOINT WARNING * * *
The bullfrog skeleton hits you.
* * * LOW HITPOINT WARNING * * *
The orc priest closely misses you. The orc hits you with a short sword.
* * * LOW HITPOINT WARNING * * *
You completely miss the orc priest.
The orc priest is severely wounded.
The bullfrog skeleton hits you.
* * * LOW HITPOINT WARNING * * *
The orc hits you with a hand axe.
You die...

##########
#....)@o.#
####....Zoo.#
#...........#
.........$..#
....o..<....#
............#
............#
............#
........#####


You could see 2 orc priests, 2 orcs and a bullfrog skeleton.

Vanquished Creatures
  4 orc wizards (D:3)
  5 adders
  An ooze (D:3)
  2 worms
  A dart slug (D:2)
  12 orcs
  8 bats
  4 giant cockroaches
  7 goblins
  7 hobgoblins
  8 kobolds
  A quokka (D:3)
  5 frilled lizards
  8 rats
73 creatures vanquished.

Notes
Turn   | Place    | Note
-------+----------+-------------------------------------------
     0 | D:1      | ozymandias0 the Formicid Fighter began the quest for the Orb.
     0 | D:1      | Reached XP level 1. HP: 18/18 MP: 1/1
   282 | D:1      | Reached XP level 2. HP: 24/24 MP: 2/2
   647 | D:1      | Reached XP level 3. HP: 18/30 MP: 3/3
   687 | D:2      | Reached skill level 4 in Shields
   694 | D:2      | Found a radiant altar of Vehumet.
   757 | D:2      | Reached XP level 4. HP: 24/37 MP: 4/4
   931 | D:2      | Found an opulent altar of Gozag.
  1277 | D:3      | Reached XP level 5. HP: 12/42 MP: 5/5
  1294 | D:3      | Reached skill level 5 in Shields
  1403 | D:3      | Reached skill level 1 in Dodging
  1403 | D:3      | Reached XP level 6. HP: 29/48 MP: 6/6
  1657 | D:3      | Found a shimmering altar of Xom.
  1869 | D:4      | Slain by an orc

Skill      XL: |  1  2  3  4  5 |
---------------+----------------+-----
Shields        | 4 5 |  5.2
Fighting       | 4 |  4.1
Armour         | 4 |  4.2
Long Blades    | 3 |  3.7
Dodging        | 1 |  1.1
Stealth        | |  0.3

Action                   |  1- 3 |  4- 6 || total
-------------------------+-------+-------++-------
Melee: Long sword        |   100 |   183 ||   283
  Use: Scroll            |     3 |     3 ||     6
  Eat: Fruit             |       |     4 ||     4
       Bread ration      |       |     1 ||     1
Armor: Scale mail        |    40 |    88 ||   128
Dodge: Dodged            |    31 |    81 ||   112
Block: Shield            |    54 |   118 ||   172
       Rpst.: Long sword |     8 |    28 ||    36
